 Dungeon Crawl Stone Soup version 0.23.2-30-g0e89c35649 (webtiles) character file.

Game seed: 3387175735927713267

53 Kairos the Shield-Bearer (level 3, -1/20 HPs)
             Began as a Vine Stalker Fighter on June 12, 2019.
             Slain by a goblin
             ... wielding a +0 dagger
             ... led by Robin
              (3 damage)
             ... on level 2 of the Dungeon.
             The game lasted 00:02:21 (1164 turns).

Kairos the Shield-Bearer (Vine Stalker Fighter)     Turns: 1164, Time: 00:02:23

Health: -1/20      AC: 10    Str: 18    XL:     3   Next: 87%
Magic:  0/4        EV:  4    Int:  8    God:
Gold:   41         SH:  9    Dex: 14    Spells: 2/2 levels left

rFire    . . .     SeeInvis .   a - +1 rapier
rCold    . . .     Gourm    .   c - +0 shield
rNeg     + . .     Faith    .   g - +0 chain mail {rN+}
rPois    .         Spirit   +   (no helmet)
rElec    .         Reflect  .   (no cloak)
rCorr    .         Harm     .   (no gloves)
MR       .....                  j - +0 pair of boots
Stlth    ..........             q - amulet of inaccuracy (curse)
HPRegen  0.06/turn              (no ring)
MPRegen  0.09/turn              (no ring)

@: no status effects
A: fangs 2, magic shield, antimagic bite, no potion heal 3, rot immunity
a: no special abilities


You were on level 2 of the Dungeon.
You were hungry.

You visited 1 branch of the dungeon, and saw 2 of its levels.

You collected 41 gold pieces.

Inventory:

Hand Weapons
 a - a +1 rapier (weapon)
Armour
 b - a +0 scale mail
 c - a +0 shield (worn)
 g - a +0 chain mail of positive energy (worn)
 j - a +0 pair of boots (worn)
Jewellery
 q - a cursed amulet of inaccuracy (around neck)
Potions
 h - a potion of curing
 p - a potion of agility {unknown}
Comestibles
 f - 2 rations


   Skills:
 + Level 3.0 Fighting
 + Level 2.5 Short Blades
 + Level 2.9 Armour
 + Level 3.0 Shields


You had 2 spell levels left.
You didn't know any spells.
Your spell library was empty.

Dungeon Overview and Level Annotations

Branches:
Dungeon (2/15)

Altars:

Annotations:
D:2 Robin


Innate Abilities, Weirdness & Mutations

You have extremely sharp teeth.
When hurt, damage is shared between your health and your magic reserves.
Your bite disrupts and absorbs the magic of your enemies.
Potions cannot restore your health.
You are immune to rotting.


Message History

You impale the goblin!!
You kill the goblin!
You block the hobgoblin's attack. x2; Robin throws the goblin at you!
The goblin hits you but does no damage. The goblin completely misses you.
The hobgoblin hits you but does no damage.
The hobgoblin barely misses you.
You barely miss the goblin. You block the hobgoblin's attack.
The goblin hits you but does no damage. x2
The hobgoblin hits you with a +0 club.
* * * LOW HITPOINT WARNING * * *
The hobgoblin completely misses you. You block the hobgoblin's attack.
The hobgoblin hits you but does no damage.
The goblin hits you but does no damage.
It was a potion of cancellation.
Your magical effects are unravelling.
You feel magically purged.
Your magical contamination has completely faded away.
You feel a little less mighty now. The goblin hits you with a +0 dagger.
You die...

###########
#..........
#.######### #.#
#.# #######.#
#.......#
#######g#######
+...gg@gg......
###.Jggg.######
#..gg!.#
?.......+
###......#
#$......
#......##
#......#


You could see Robin, an ooze, 5 hobgoblins and 4 goblins.

Vanquished Creatures
  An ooze (D:1)
  A worm (D:2)
  5 dart slugs
  A leopard gecko (D:1)
  A ball python (D:1)
  3 giant cockroaches
  8 goblins
  A hobgoblin (D:1)
  2 jackals (D:1)
  A quokka (D:2)
  4 bats
  2 frilled lizards (D:1)
  2 kobolds (D:1)
32 creatures vanquished.

Notes
Turn   | Place    | Note
-------+----------+-------------------------------------------
     0 | D:1      | Kairos the Vine Stalker Fighter began the quest for the
                  | Orb.
     0 | D:1      | Reached XP level 1. HP: 11/11 MP: 2/2
    77 | D:1      | Reached XP level 2. HP: 3/16 MP: 1/3
   647 | D:1      | Reached XP level 3. HP: 16/19 MP: 2/4
  1153 | D:2      | Noticed Robin
  1164 | D:2      | Slain by a goblin

Skill      XL: |  1  2  3 |
---------------+----------+-----
Short Blades   | 2 |  2.5
Shields        | 3 |  3.0
Fighting       | 3 |  3.0
Armour         | |  2.9

Action                   || total
-------------------------++-------
Melee: Rapier            ||   110
       Bite              ||    28
  Use: Scroll            ||     6
       Potion            ||     2
Armor: Chain mail        ||    77
Dodge: Dodged            ||    28
Block: Shield            ||    66
